 Dungeon Crawl Stone Soup version 0.26-a0-800-g517d6fe721 (webtiles) character file.

Game seed: 14797693783583179166

1409 iamoutofideas the Grappler (level 8, -2/70 HPs)
             Began as a Troll Hunter on Nov 11, 2020.
             Was an Initiate of Okawaru.
             Slain by an orc warrior
             ... wielding a +0 dire flail
              (14 damage)
             ... on level 7 of the Dungeon.
             The game lasted 00:08:24 (4962 turns).

iamoutofideas the Grappler (Troll Hunter)           Turns: 4962, Time: 00:08:25

Health: -2/70      AC:  6    Str: 22    XL:     8   Next: 42%
Magic:  7/7        EV:  9    Int:  8    God:    Okawaru [......]
Gold:   330        SH:  0    Dex: 10    Spells: 7/7 levels left

rFire    . . .     SeeInvis .     - Unarmed
rCold    . . .     Faith    .   (no shield)
rNeg     . . .     Spirit   .   b - +0 robe
rPois    .         Reflect  .   (helmet restricted)
rElec    .         Harm     .   m - scarf {shadows}
rCorr    .         Rampage  .   (gloves unavailable)
MR       .....                  (boots unavailable)
Stlth    +.........             (no amulet)
HPRegen  0.61/turn              (no ring)
MPRegen  0.10/turn              (no ring)

@: very slightly contaminated, hasted, lightly drained, invisible, very quick
A: large, unfitting armour, claws 3, regeneration 1, shaggy fur 1, tough skin 3
a: Renounce Religion


You were on level 7 of the Dungeon.
You worshipped Okawaru.
Okawaru was noncommittal.
You visited 2 branches of the dungeon, and saw 9 of its levels.

You collected 330 gold pieces.

Inventory:

Missiles
 c - 5 large rocks (quivered)
 d - 2 throwing nets
Armour
 b - a +0 robe (worn)
 m - a scarf of shadows (worn)
Jewellery
 k - a +6 ring of intelligence
 y - a cursed -4 ring of strength
Wands
 u - a wand of acid (12)
 w - a wand of flame (21)
Scrolls
 e - a scroll of fog {unknown}
 l - a scroll of enchant weapon {unknown}
 n - 7 scrolls of remove curse {unknown}
 p - a scroll of blinking {unknown}
 q - 3 scrolls of amnesia {unknown}
 r - 3 scrolls of teleportation
 v - a scroll of random uselessness
 x - a scroll of fear
 A - 4 scrolls of immolation {unknown}
Potions
 f - a potion of degeneration {unknown}
 g - a potion of attraction {unknown}
 h - a potion of flight {unknown}
 i - a potion of mutation {unknown}
 j - a potion of haste
 o - a potion of might {unknown}
 s - a potion of resistance {unknown}
 t - a potion of curing
 z - a potion of brilliance {unknown}
 B - a potion of ambrosia {unknown}


   Skills:
 - Level 1.5(1.1) Fighting
 - Level 3.6(3.1) Throwing
 - Level 1.5(1.1) Dodging
 - Level 0.3(0.0) Stealth
 + Level 10.3(9.7) Unarmed Combat


You had 7 spell levels left.
You didn't know any spells.
Your spell library was empty.

Dungeon Overview and Level Annotations

Branches:
Dungeon (8/15)             Temple (1/1) D:6
   Lair: D:8-11

Altars:
Ashenzari
Cheibriados
Dithmenos
Elyvilon
Gozag
Hepliaklqana
Kikubaaqudgha
Makhleb
Nemelex Xobeh
Okawaru
Qazlal
Ru
Sif Muna
Uskayaw
Wu Jian
Yredelemnul
Zin
The Shining One


Innate Abilities, Weirdness & Mutations

You are too large for most types of armour.
You have claws for hands.
Your natural rate of healing is unusually fast.
You are covered in fur. (AC +1)
You have extremely tough skin. (AC +3)


Message History

* * * LOW HITPOINT WARNING * * *
Things that are here:
a +0 ring mail; a +0 robe; a +3 dagger You scratch the orc warrior.
The orc warrior is lightly wounded.
The orc warrior hits you with a +0 dire flail!!
* * * LOW HITPOINT WARNING * * *
It was a potion of curing.
You feel better.
A wight comes into view.
It is wielding a +4 dagger of freezing and carrying a wand of flame (20).
A wight comes into view.
It is wielding a +1 falchion of draining.
The orc warrior closely misses you.
You fade into invisibility!
The wight zaps a wand.
The puff of flame hits you.
* * * LOW HITPOINT WARNING * * *
The orc warrior closely misses you.
You are very lightly contaminated with residual magic.
Unknown command.
You feel yourself speed up. The wight barely misses you.
The orc warrior hits you with a +0 dire flail!
You die...

......
#....#
#....#
#....#
#.<>.#
#.o..##..
##Z...o...o
#o########
#@÷z..z.
####...z
... .. .


You could see an orc warrior, 3 wights, an orc and a bullfrog skeleton.

Vanquished Creatures
  A phantom (D:6)
  An ogre (D:5)
  2 centaurs
  Blork the orc (D:6)
  A bullfrog (D:8)
  2 scorpions (D:5)
  2 wights
  A howler monkey (D:4)
  A centaur zombie (D:5)
  3 hounds
  A centaur skeleton (D:5)
  A jelly (D:5)
  3 orc priests
  5 worker ants
  A hound skeleton (D:5)
  7 gnolls
  13 adders
  An ufetubus (D:6)
  4 dart slugs
  6 leopard geckos
  14 orcs
  2 ball pythons
  6 bats
  2 bat skeletons (D:2)
  4 giant cockroaches
  8 goblins
  4 hobgoblins
  18 jackals
  11 kobolds
  4 quokkas
  3 frilled lizards
  2 jackal skeletons
  6 rats
141 creatures vanquished.

Vanquished Creatures (others)
  2 withered plants (D:2)
2 creatures vanquished.

Grand Total: 143 creatures vanquished

Notes
Turn   | Place    | Note
-------+----------+-------------------------------------------
     0 | D:1      | iamoutofideas the Troll Hunter began the quest for the Orb.
     0 | D:1      | Reached XP level 1. HP: 19/19 MP: 0/0
    49 | D:1      | Reached skill level 1 in Unarmed Combat
   199 | D:1      | Reached XP level 2. HP: 27/27 MP: 1/1
   208 | D:1      | Reached skill level 2 in Unarmed Combat
   343 | D:1      | Reached XP level 3. HP: 32/33 MP: 2/2
   636 | D:1      | Reached skill level 3 in Unarmed Combat
   997 | D:2      | Reached XP level 4. HP: 34/41 MP: 3/3
  1226 | D:2      | You fall into a shaft and drop 1 floor!
  1228 | D:3      | Reached skill level 4 in Unarmed Combat
  1515 | D:3      | Reached XP level 5. HP: 48/48 MP: 4/4
  1807 | D:3      | Reached skill level 5 in Unarmed Combat
  2180 | D:4      | Reached skill level 6 in Unarmed Combat
  2180 | D:4      | Reached XP level 6. HP: 52/55 MP: 5/5
  2709 | D:5      | Entered Level 5 of the Dungeon
  2769 | D:5      | Reached skill level 7 in Unarmed Combat
  2871 | D:5      | Reached XP level 7. HP: 41/62 MP: 6/6
  2999 | D:5      | Reached skill level 8 in Unarmed Combat
  3598 | D:6      | Noticed Blork the orc
  3609 | D:6      | Killed Blork the orc
  3609 | D:6      | Reached skill level 9 in Unarmed Combat
  3614 | D:6      | Reached XP level 8. HP: 61/70 MP: 7/7
  3826 | D:6      | Found a staircase to the Ecumenical Temple.
  4008 | Temple   | Entered the Ecumenical Temple
  4260 | Temple   | Became a worshipper of Warmaster Okawaru
  4630 | D:8      | Reached skill level 10 in Unarmed Combat
  4959 | D:7      | HP: 1/70 [orc warrior/+0 dire flail (18)]
  4962 | D:7      | Slain by an orc warrior

Illustrated notes

Levels and vault maps discovered:
D:1:      minmay_arrival_nine_rooms, layout_basic
D:2:      layout_loops_ring, serial_undead, serial_undead_a, serial_undead_c,
          serial_undead_b, serial_undead_c
D:3:      layout_loops_ring
D:4:      layout_layer_cave
D:5:      layout_basic
D:6:      layout_gridville, minmay_temple_entry_enclosed_plants,
          uniq_blork_the_orc
D:7:      layout_basic, gammafunk_temple_overflow_arena, old_standard_altar,
          basic_altar
D:8:      layout_cave_pools, special_room [special_room_orc],
          nicolae_dithmenos_through_a_glass_darkly
Temple:   dpeg_five_rooms_temple

Skill      XL: |  1  2  3  4  5  6  7  8 |
---------------+-------------------------+-----
Unarmed Combat | 1 2 3 4 6 7 9 10 | 10.3
Fighting       | |  1.5
Throwing       | |  3.6
Dodging        | |  1.5
Stealth        | |  0.3

Action                   |  1- 3 |  4- 6 |  7- 9 || total
-------------------------+-------+-------+-------++-------
Melee: Unarmed           |    92 |   208 |    96 ||   396
       Punch             |       |     3 |     2 ||     5
  Use: Scroll            |       |       |     7 ||     7
       Potion            |       |       |     4 ||     4
 Stab: Sleeping          |     1 |     2 |       ||     3
       Invisible         |       |       |     1 ||     1
Armor: Robe              |    31 |    74 |    31 ||   136
Dodge: Dodged            |    56 |   115 |    59 ||   230

Table legend: (Time is in decaauts)
 A = Elapsed time spent in this place.
 B = Non-inter-level travel time spent in this place.
 C = Inter-level travel time spent in this place.
 D = Time resting spent in this place.
 E = Time spent auto-exploring this place.
 F = Levels seen in this place.
 G = Mean time per level.
                   A        B        C        D        E       F      G
               +--------+--------+--------+--------+--------+-----+--------+
         Total |   4923 |   4719 |    204 |    543 |   3146 |   9 |  547.0 |
       Dungeon |   4637 |   4522 |    115 |    543 |   2951 |   8 |  579.6 |
        Temple |    285 |    196 |     89 |      0 |    195 |   1 |  285.0 |
               +--------+--------+--------+--------+--------+-----+--------+

Top non-repeatable levels by time:
     D:1: 855 daAuts
     D:3: 768 daAuts
     D:5: 703 daAuts
     D:4: 701 daAuts
     D:6: 693 daAuts
     D:8: 512 daAuts
     D:2: 362 daAuts
  Temple: 285 daAuts
     D:7: 40 daAuts
